[Event "Titled Tuesday Blitz November 07 Late 2023"]
[White "Rohan, Ahuja"]
[Black "Kazakov, Mikhail"]
[WhiteFideId "5090598"]
[BlackFideId "14102749"]
[WhiteElo "2743"]
[BlackElo "2404"]
[Result "0-1"]
[Round "3"]
[TimeControl "180+1"]
[Date "2023.11.07"]
[WhiteClock "0:00:15"]
[BlackClock "0:00:11"]
[Board "43"]

1. Nf3 Nf6 2. g3 d5 3. Bg2 c6 4. c4 e6 5. b3 Be7 6. Bb2 O-O 7. O-O b6 8. d4 Bb7 9. Nc3 Nbd7 10. Qd3 c5 11. cxd5 Nxd5 12. Nxd5 Bxd5 13. e4 Bb7 14. Qe3 cxd4 15. Nxd4 Bc5 16. Rfd1 Qe7 17. Qe2 Rfd8 18. a3 Bxd4 19. Bxd4 e5 20. Bb2 Nc5 21. b4 Na4 22. Qc2 Nxb2 23. Qxb2 h6 24. Rac1 f6 25. h4 Rxd1+ 26. Rxd1 Rd8 27. Rxd8+ Qxd8 28. Qb3+ Kf8 29. Qe6 Bc8 30. Qc4 Ke7 31. Bf1 Be6 32. Qc3 Qc8 33. Qd2 Qd7 34. Qc2 Qc8 35. Qa4 Qd7 36. Bb5 Qc7 37. Qd1 Qd8 38. Qc2 Qc8 39. Qd2 Qd8 40. Qe2 Qc7 41. Kh2 Qd8 42. f4 Qd4 43. f5 Bf7 44. Bd3 Kf8 45. Kg2 Kg8 46. g4 Bb3 47. Kf3 Ba4 48. Qe3 Qa1 49. Be2 Qh1+ 50. Kg3 Qe1+ 51. Qf2 Qc3+ 52. Qf3 Qe1+ 53. Kh3 Bc6 54. g5 hxg5 55. hxg5 fxg5 56. Qg4 Qf2 57. Bf3 Qe3 58. Kh2 Qf2+ 59. Kh3 Qe3 60. Kh2 Qf4+ 61. Kg2 Kf7 62. Kh3 Kf6 63. Qh5 Qh4+ 64. Qxh4 gxh4 65. Kxh4 Bb5 66. Kg4 Bc6 67. Bg2 Bb7 68. Kh4 Bc6 69. Kg4 Bb7 70. Kh4 Ba6 71. Bf3 Bd3 72. Kg4 Bc2 73. Kh4 Bd3 74. Kg4 Bc2 75. Kh4 Bb1 76. a4 a5 77. bxa5 bxa5 78. Kg3 Bc2 79. Kf2 Bxa4 80. Ke3 Bc6 81. Kd3 Kg5 82. Kc4 Kf4 83. Be2 Bxe4 84. Kb5 Bxf5 85. Kxa5 g5 86. Kb4 g4 87. Bf1 g3 88. Bg2 Be4 89. Bh3 g2 90. Bxg2 Bxg2 91. Kc3 e4 0-1


[Site "https://www.chess.com"]

[Event "Titled Tuesday Blitz November 07 Late 2023"]
[White "Maksimovic, Bojan"]
[Black "Urbina Perez, Juan Antonio"]
[WhiteFideId "14408120"]
[BlackFideId "2217368"]
[WhiteElo "2738"]
[BlackElo "2518"]
[Result "1-0"]
[Round "3"]
[TimeControl "180+1"]
[Date "2023.11.07"]
[WhiteClock "0:00:14"]
[BlackClock "0:00:00"]
[Board "44"]

1. e4 e5 2. Nf3 Nf6 3. Nxe5 d6 4. Nf3 Nxe4 5. d4 d5 6. Bd3 Bd6 7. O-O O-O 8. c4 c6 9. Nc3 Nxc3 10. bxc3 dxc4 11. Bxc4 Bf5 12. Bg5 Qa5 13. Nh4 Nd7 14. Nxf5 Qxf5 15. Be3 Nf6 16. Bd3 Qh5 17. Qxh5 Nxh5 18. Rfb1 Rab8 19. g3 Rfe8 20. a4 b6 21. a5 Nf6 22. axb6 axb6 23. Ra6 Nd5 24. Bd2 c5 25. c4 Nb4 26. Bxb4 cxb4 27. c5 Bc7 28. Ra7 Bd8 29. Rxb4 Bf6 30. cxb6 Red8 31. Raa4 Be7 32. Rb5 Bf6 33. d5 g6 34. Be4 Be5 35. b7 Bd6 36. Ra6 Kf8 37. Ra1 Rd7 38. Rab1 Ke7 39. f4 Rc7 40. Kf2 f5 41. Bd3 Rc5 42. Rxc5 Bxc5+ 43. Ke2 Kd6 44. Bc4 Kc7 45. Ba6 Kd6 46. Rd1 Ba7 47. Kf1 Re8 48. Bb5 Re3 49. Bc6 Rc3 50. Ra1 Bb8 51. Re1 Rc2 52. Re2 Rxe2 53. Kxe2 Bc7 54. h4 h6 55. Kd3 Bb8 56. Kc4 Bc7 57. Be8 1-0


[Site "https://www.chess.com"]

[Event "Titled Tuesday Blitz November 07 Late 2023"]
[White "Hilary46"]
[Black "TheAlienParty"]
[WhiteElo "2706"]
[BlackElo "2357"]
[Result "1-0"]
[Round "3"]
[TimeControl "180+1"]
[Date "2023.11.07"]
[WhiteClock "0:00:08"]
[BlackClock "0:00:59"]
[Board "45"]

1. e4 e5 2. Nf3 Nc6 3. Bb5 a6 4. Ba4 d6 5. O-O Bd7 6. c3 g5 7. d4 g4 8. Ne1 h5 9. d5 Nce7 10. f4 exf4 11. Bxf4 Bg7 12. Bxd7+ Qxd7 13. Nd3 O-O-O 14. Bg5 f5 15. exf5 Bf6 16. Qc1 Rf8 17. Na3 Nxf5 18. Nc4 Nfe7 19. Nb4 Rh7 20. Qe3 Rhf7 21. Bxf6 Rxf6 22. Rxf6 Nxf6 23. Qa7 Kd8 24. Qxb7 Qb5 25. Qa8+ Nc8 26. b3 Kd7 27. Qc6+ Qxc6 28. dxc6+ Ke6 29. Re1+ Kf5 30. Nxa6 Na7 31. Nxc7 Nxc6 32. Nxd6+ Kg6 33. Ne6 Ra8 34. a4 Nd5 35. c4 Nc3 36. Nf4+ Kg5 37. Nd5 Nxd5 38. cxd5 Nd4 39. Rb1 Rd8 40. Nc4 Rxd5 41. a5 Rf5 42. b4 Ne2+ 43. Kh1 Nc3 44. Ra1 Na2 45. a6 Nxb4 46. a7 Rf8 47. a8=Q Rxa8 48. Rxa8 h4 49. Re8 g3 50. hxg3 hxg3 51. Nd2 Nd3 52. Rf8 Kh4 53. Kg1 Ne5 54. Rh8+ Kg4 55. Rg8+ Kh4 56. Nf1 Ng4 57. Rh8+ Kg5 58. Nxg3 Ne3 59. Nf1 Nd1 60. Rd8 Nc3 61. Rd3 Ne2+ 62. Kf2 Nf4 63. Rf3 Nd5 64. g3 Kg4 65. Ne3+ Kh3 66. Nxd5 Kh2 67. Rf4 1-0


[Site "https://www.chess.com"]

[Event "Titled Tuesday Blitz November 07 Late 2023"]
[White "Koellner, Ruben Gideon"]
[Black "Hoffmann, Asa"]
[WhiteFideId "12993093"]
[BlackFideId "2001470"]
[WhiteElo "2698"]
[BlackElo "2383"]
[Result "1-0"]
[Round "3"]
[TimeControl "180+1"]
[Date "2023.11.07"]
[WhiteClock "0:02:04"]
[BlackClock "0:01:20"]
[Board "46"]

1. d4 Nf6 2. Nf3 d6 3. Nbd2 Bf5 4. e3 Nbd7 5. Bd3 Bxd3 6. cxd3 e6 7. O-O c6 8. b4 d5 9. Rb1 Bd6 10. a4 O-O 11. b5 Re8 12. bxc6 bxc6 13. Nb3 c5 14. dxc5 Nxc5 15. Nxc5 Bxc5 16. Bb2 Bd6 17. h3 e5 18. Ba1 Qd7 19. Rb5 a6 20. Rb6 Qc7 21. Qb3 Rab8 22. Rb1 e4 23. dxe4 dxe4 24. Rxb8 Rxb8 25. Qxb8+ Qxb8 26. Rxb8+ Bxb8 27. Nd2 Bd6 28. Bxf6 gxf6 29. Nxe4 Bb4 30. Nxf6+ Kf8 31. Nd5 Bc5 32. Kf1 a5 33. Ke2 1-0


[Site "https://www.chess.com"]

[Event "Titled Tuesday Blitz November 07 Late 2023"]
[White "Barrientos, Sergio E"]
[Black "Balla, Tamas-Kristof"]
[WhiteFideId "4401824"]
[BlackFideId "1208497"]
[WhiteElo "2678"]
[BlackElo "2352"]
[Result "1/2-1/2"]
[Round "3"]
[TimeControl "180+1"]
[Date "2023.11.07"]
[WhiteClock "0:00:12"]
[BlackClock "0:00:05"]
[Board "47"]

1. d4 d5 2. c4 e6 3. Nc3 c5 4. cxd5 exd5 5. Nf3 Nc6 6. g3 Nf6 7. Bg2 cxd4 8. Nxd4 Bc5 9. Nb3 Bb6 10. O-O d4 11. Na4 O-O 12. Nxb6 axb6 13. e3 d3 14. Bd2 Bg4 15. f3 Be6 16. Bc3 b5 17. Nd4 Nxd4 18. Bxd4 Bxa2 19. b3 Qd5 20. f4 Qxb3 21. Bxb7 Ra4 22. Qd2 Rb8 23. Bf3 Rc8 24. Bd1 Rc2 25. Bxc2 dxc2 26. Rac1 Bb1 27. Be5 h6 28. Rf2 Ne4 29. Qd8+ Kh7 30. Re2 Qc4 31. Ree1 f6 32. Bd4 Nd2 33. Kf2 Nb3 34. Qd7 Nxc1 35. Rxc1 Ra6 36. Qf5+ Kg8 37. Qd7 Re6 38. f5 Re4 39. Kf3 Rxd4 40. Qxd4 Qb3 41. Qe4 Qa3 42. Rxb1 cxb1=Q 43. Qxb1 Qc5 44. Qe4 b4 45. Qe8+ Kh7 46. Qg6+ Kg8 47. Qe8+ Qf8 48. Qe6+ Kh8 49. h4 Qb8 50. Qb3 Qb7+ 51. e4 Qb5 52. Ke3 Qc5+ 53. Kd3 Qb5+ 54. Kd4 Qb6+ 55. Kc4 Qc6+ 56. Kxb4 Qxe4+ 57. Kc5 Qxf5+ 58. Kd6 Qg4 59. Ke7 Qe4+ 60. Kf8 Qa8+ 61. Ke7 Qa7+ 62. Kf8 Qa8+ 63. Ke7 Qa7+ 64. Kd6 Qa6+ 65. Ke7 Qa8 66. h5 Qa7+ 67. Ke8 Qa8+ 68. Ke7 Qa7+ 69. Kf8 Qa8+ 70. Ke7 1/2-1/2


[Site "https://www.chess.com"]

[Event "Titled Tuesday Blitz November 07 Late 2023"]
[White "Xiong, Jeffery"]
[Black "Rojas Alarcon, Julian Antonio"]
[WhiteFideId "2047640"]
[BlackFideId "5107407"]
[WhiteElo "3014"]
[BlackElo "2671"]
[Result "1-0"]
[Round "3"]
[TimeControl "180+1"]
[Date "2023.11.07"]
[WhiteClock "0:01:54"]
[BlackClock "0:00:25"]
[Board "48"]

1. d4 Nf6 2. c4 e6 3. Nc3 Bb4 4. Nf3 Nc6 5. Qc2 d6 6. a3 Bxc3+ 7. Qxc3 a5 8. b3 O-O 9. Bb2 Re8 10. e3 e5 11. Be2 Bg4 12. dxe5 dxe5 13. O-O Qe7 14. h3 Bh5 15. Rfe1 Rad8 16. Rad1 h6 17. Rxd8 Qxd8 18. g4 Bg6 19. b4 axb4 20. axb4 Ne4 21. Qa3 Ng5 22. b5 Nxf3+ 23. Bxf3 e4 24. bxc6 exf3 25. Qc3 f6 26. cxb7 h5 27. c5 Qd5 28. c6 hxg4 29. Qb4 gxh3 30. Kh2 Rb8 31. Rg1 Kf7 32. Qg4 Qd3 33. e4 Qxe4 34. Qd7+ Qe7 35. Qxe7+ Kxe7 36. Rxg6 1-0


[Site "https://www.chess.com"]

[Event "Titled Tuesday Blitz November 07 Late 2023"]
[White "Drygalov, Andrey"]
[Black "Jamal-Jamal-Jamal"]
[WhiteFideId "24171735"]
[WhiteElo "2972"]
[BlackElo "2282"]
[Result "1-0"]
[Round "3"]
[TimeControl "180+1"]
[Date "2023.11.07"]
[WhiteClock "0:00:08"]
[BlackClock "0:00:00"]
[Board "49"]

1. e4 c5 2. Nf3 e6 3. d4 cxd4 4. Nxd4 Nc6 5. Nc3 Qc7 6. Be2 Nf6 7. Ndb5 Qb8 8. f4 a6 9. Nd4 b5 10. e5 b4 11. exf6 bxc3 12. bxc3 gxf6 13. O-O f5 14. Bf3 Bb7 15. Rb1 Qc7 16. Be3 Bg7 17. Re1 O-O 18. Qd3 Rab8 19. Nb3 d6 20. Red1 Rfd8 21. a3 Ne7 22. Bxb7 Rxb7 23. Qxa6 Nd5 24. Bd2 Bxc3 25. Qd3 Bxd2 26. Rxd2 Nxf4 27. Qg3+ Ng6 28. Rbd1 d5 29. Qf2 Ra8 30. Ra1 Rba7 31. h4 Qf4 32. Qc5 Qxh4 33. Rd3 Qe7 34. Rc3 Rxa3 35. Re1 Qxc5+ 36. Rxc5 Ra2 37. Rc7 Nf4 38. Nd4 Ra1 39. Rxa1 Rxa1+ 40. Kf2 Ng6 41. Nc6 Kg7 42. Nd8 Ne5 43. Nxe6+ Kf6 44. Nf4 Ra2 45. Nxd5+ Kg7 46. Nf4 Ra4 47. g3 Ng4+ 48. Ke2 Nf6 49. Ne6+ Kg6 50. Nf4+ Kg7 51. Nd3 Ne4 52. Kf3 Ra2 53. Nf4 Ra3+ 54. Nd3 Ra2 55. Kf4 Ra4 56. c4 Nd2 57. Ne5 Kf6 58. Rxf7+ Ke6 59. Rc7 Kd6 60. Rc6+ Ke7 61. Kxf5 Ra5 62. c5 Nb3 63. Rc7+ Kf8 64. c6 Nd4+ 65. Ke4 Ra4 66. Kd5 Nb5 67. Rc8+ Kg7 68. c7 Rd4+ 69. Kc5 Nxc7 70. Kxd4 1-0


[Site "https://www.chess.com"]

[Event "Titled Tuesday Blitz November 07 Late 2023"]
[White "Rasulov, Vugar"]
[Black "Ronka, Erik"]
[WhiteFideId "13402390"]
[BlackFideId "505080"]
[WhiteElo "2957"]
[BlackElo "2510"]
[Result "1-0"]
[Round "3"]
[TimeControl "180+1"]
[Date "2023.11.07"]
[WhiteClock "0:01:13"]
[BlackClock "0:00:08"]
[Board "50"]

1. h3 e5 2. c4 Nc6 3. Nc3 g6 4. Nf3 Bg7 5. d3 d6 6. g3 f5 7. Bg2 h6 8. O-O Nf6 9. Rb1 O-O 10. b4 g5 11. b5 Ne7 12. Bb2 Ng6 13. Nd2 f4 14. Nde4 Be6 15. Nxf6+ Bxf6 16. Qc2 Qd7 17. Kh2 Rab8 18. d4 Kg7 19. Ne4 Qe7 20. c5 Bf5 21. Rbc1 d5 22. Nxf6 Bxc2 23. Nxd5 Qf7 24. Rxc2 Rbd8 25. dxe5 Qf5 26. e4 fxe3 27. Nxe3 Qd3 28. Re1 Qxb5 29. e6+ Kh7 30. Ng4 Rde8 31. Rd2 Re7 32. Nf6+ Rxf6 33. Bxf6 1-0


[Site "https://www.chess.com"]

[Event "Titled Tuesday Blitz November 07 Late 2023"]
[White "Pasti, Aron"]
[Black "Makhnev, Denis"]
[WhiteFideId "785857"]
[BlackFideId "13707647"]
[WhiteElo "2510"]
[BlackElo "2956"]
[Result "0-1"]
[Round "3"]
[TimeControl "180+1"]
[Date "2023.11.07"]
[WhiteClock "0:00:10"]
[BlackClock "0:01:02"]
[Board "51"]

1. e4 e5 2. Nf3 Nc6 3. Bb5 a6 4. Ba4 Nf6 5. O-O Be7 6. Re1 b5 7. Bb3 O-O 8. d4 Nxd4 9. Nxd4 exd4 10. e5 Ne8 11. c3 Bb7 12. cxd4 d6 13. Nc3 dxe5 14. dxe5 c5 15. Bd5 Bxd5 16. Nxd5 Nc7 17. Nxe7+ Qxe7 18. Qd6 Rfe8 19. Bf4 Ne6 20. Be3 Rad8 21. Qxe7 Rxe7 22. Rad1 Red7 23. Rxd7 Rxd7 24. Kf1 g5 25. Ke2 Rd5 26. Rd1 Rxe5 27. Rd6 a5 28. Rb6 a4 29. Kd3 c4+ 30. Kc3 h5 31. Kb4 Nc7 32. Rb8+ Kh7 33. Ka5 a3 34. bxa3 c3 35. Rc8 Nd5 36. Bd4 Re2 37. Rc5 c2 38. Kxb5 Nf4 39. Be3 Nd3 40. Rc3 Nxf2 41. Bxg5 Ne4 0-1


[Site "https://www.chess.com"]

[Event "Titled Tuesday Blitz November 07 Late 2023"]
[White "Khismatullin, Denis"]
[Black "Reprintsev, Alexander"]
[WhiteFideId "4142578"]
[BlackFideId "14100541"]
[WhiteElo "2938"]
[BlackElo "2508"]
[Result "1-0"]
[Round "3"]
[TimeControl "180+1"]
[Date "2023.11.07"]
[WhiteClock "0:00:15"]
[BlackClock "0:00:10"]
[Board "52"]

1. e4 d5 2. exd5 Qxd5 3. Nc3 Qa5 4. Nf3 Nc6 5. Bb5 Bd7 6. O-O a6 7. b4 Qxb4 8. Rb1 Qd6 9. Ne4 Qg6 10. Bd3 f5 11. Nc5 e5 12. Nxd7 Kxd7 13. Nh4 Qf6 14. Nxf5 Rd8 15. Qg4 h5 16. Qh3 g5 17. Be4 g4 18. Qb3 Nge7 19. Ne3 b5 20. Bb2 Bh6 21. a4 b4 22. Qc4 a5 23. Rbd1 Qe6 24. Qb5 Rb8 25. Qd3+ Qd6 26. Qc4 Qe6 27. d4 Qxc4 28. dxe5+ Qd4 29. Bxd4 Nxd4 30. Rxd4+ Ke6 31. Nc4 Rhd8 32. Rxd8 Rxd8 33. Nxa5 Kxe5 34. Bd3 Bd2 35. Nc4+ Kd4 36. Nxd2 Kc3 37. Ne4+ Kb2 38. Nc5 Nd5 39. a5 Nf4 40. a6 Nxd3 41. Nxd3+ Kc3 42. a7 Ra8 43. Ra1 b3 44. cxb3 Kxd3 45. h3 gxh3 46. g3 Kd4 47. Kh2 Kc5 48. Kxh3 Kb6 49. Kh4 Kb7 50. f4 c5 51. f5 Kc7 52. f6 Kd7 53. Kxh5 Ke8 54. Kg6 Kf8 55. f7 c4 56. Rh1 Ke7 57. Re1+ Kf8 58. Re8+ 1-0


[Site "https://www.chess.com"]

[Event "Titled Tuesday Blitz November 07 Late 2023"]
[White "Yeletsky, Ivan"]
[Black "Rottenwohrer Suarez, Juan"]
[WhiteFideId "24180327"]
[BlackFideId "32068182"]
[WhiteElo "2933"]
[BlackElo "2506"]
[Result "1-0"]
[Round "3"]
[TimeControl "180+1"]
[Date "2023.11.07"]
[WhiteClock "0:00:30"]
[BlackClock "0:00:52"]
[Board "53"]

1. Nf3 b6 2. e4 Bb7 3. Bc4 e6 4. Qe2 Nf6 5. e5 Nd5 6. d4 c5 7. O-O Nc6 8. Bxd5 exd5 9. Nc3 Nxd4 10. Nxd4 cxd4 11. Nb5 Bc5 12. b4 Bxb4 13. Rb1 Bc5 14. Nd6+ Bxd6 15. exd6+ Kf8 16. Rb3 Qf6 17. Re1 h6 18. Rf3 Qe6 19. Qd2 Qg6 20. Qxd4 Bc6 21. Re7 Re8 22. Qe5 Rc8 23. Rexf7+ Qxf7 24. Qe7+ 1-0


[Site "https://www.chess.com"]

[Event "Titled Tuesday Blitz November 07 Late 2023"]
[White "Indjic, Aleksandar"]
[Black "Pinto, Daniel"]
[WhiteFideId "911925"]
[BlackFideId "3303144"]
[WhiteElo "2918"]
[BlackElo "2506"]
[Result "1-0"]
[Round "3"]
[TimeControl "180+1"]
[Date "2023.11.07"]
[WhiteClock "0:01:02"]
[BlackClock "0:00:00"]
[Board "54"]

1. e4 e5 2. Nf3 Nc6 3. Bc4 Nf6 4. d3 Bc5 5. Bg5 h6 6. Bh4 Be7 7. a4 d6 8. Nbd2 O-O 9. c3 Kh8 10. Qe2 Nh5 11. Bg3 f5 12. h3 f4 13. Bh2 Qe8 14. b4 a6 15. a5 Nd8 16. d4 Bf6 17. d5 Bd7 18. Bb3 Rc8 19. Nc4 g5 20. Nfd2 Ng7 21. Bg1 Qh5 22. Qxh5 Nxh5 23. Bd1 Ng7 24. Bg4 Rf7 25. f3 h5 26. Bxd7 Rxd7 27. Bf2 Nf7 28. Ke2 Re7 29. Kd3 Nh6 30. Rab1 c6 31. Nxd6 Rd8 32. Bc5 Red7 33. N2c4 cxd5 34. exd5 Be7 35. Ne4 Rxd5+ 36. Kc2 Ng8 37. Bxe7 Nxe7 38. Nxg5 Ngf5 39. Nf7+ Kg7 40. Nxd8 Rxd8 41. Rhe1 Rc8 42. Kb3 Nd5 43. Rxe5 Nfe3 44. Nxe3 Nxe3 45. Re1 1-0


[Site "https://www.chess.com"]

[Event "Titled Tuesday Blitz November 07 Late 2023"]
[White "Chigaev, Maksim"]
[Black "elmusmolamas"]
[WhiteFideId "4108116"]
[WhiteElo "2909"]
[BlackElo "2500"]
[Result "1-0"]
[Round "3"]
[TimeControl "180+1"]
[Date "2023.11.07"]
[WhiteClock "0:00:07"]
[BlackClock "0:00:06"]
[Board "55"]

1. Nf3 Nc6 2. g3 d5 3. Bg2 e5 4. d3 Be6 5. O-O f6 6. c3 Qd7 7. b4 g5 8. b5 Nce7 9. Bxg5 fxg5 10. Nxe5 Qd6 11. d4 Bg7 12. Nd3 b6 13. Nd2 Nf6 14. f3 O-O 15. e4 dxe4 16. fxe4 Ng4 17. e5 Qd7 18. Bxa8 Rxa8 19. Ne4 Nd5 20. Qd2 h6 21. Rae1 Rd8 22. h3 Nge3 23. Rxe3 Nxe3 24. Qxe3 Bxh3 25. Nf6+ Bxf6 26. Rxf6 Qd5 27. Ne1 Rf8 28. a4 Qc4 29. Rxf8+ Kxf8 30. Qf3+ Ke8 31. g4 Bxg4 32. Qxg4 Qxc3 33. Nf3 Qc1+ 34. Kg2 Kd8 35. Qe6 Qc2+ 36. Kg3 Qxa4 37. Qg8+ Ke7 38. Qd5 Qd1 39. Qc6 h5 40. Qxc7+ Ke8 41. Qb8+ Ke7 42. Qxa7+ Ke8 43. Qa8+ Ke7 44. Qb7+ Ke8 45. Qc8+ Ke7 46. Qc7+ Ke8 47. Qc6+ Ke7 48. Qf6+ Ke8 49. Qxg5 h4+ 50. Qxh4 1-0


[Site "https://www.chess.com"]

[Event "Titled Tuesday Blitz November 07 Late 2023"]
[White "Nyzhnyk, Illya"]
[Black "Nilsen, Tobias Lang"]
[WhiteFideId "14118084"]
[BlackFideId "1521624"]
[WhiteElo "2874"]
[BlackElo "2499"]
[Result "0-1"]
[Round "3"]
[TimeControl "180+1"]
[Date "2023.11.07"]
[WhiteClock "0:01:52"]
[BlackClock "0:00:52"]
[Board "56"]

1. Nf3 d5 2. g3 Nc6 3. d4 Bf5 4. Nh4 Be4 5. f3 Bg6 6. Nc3 e5 7. Nxg6 hxg6 8. dxe5 d4 9. Ne4 Nxe5 10. Bg2 Nf6 11. Nxf6+ Qxf6 12. O-O O-O-O 13. Qd2 Be7 14. Qf4 Qd6 15. e4 g5 16. Qf5+ Kb8 17. f4 Nc4 18. e5 Qb6 19. Qd3 Ne3 20. Rf2 Ng4 21. h3 Nxf2 22. Kxf2 gxf4 23. Bxf4 g5 24. Bd2 f6 25. e6 f5 26. Re1 f4 27. g4 Rh6 28. Qf1 d3+ 29. Kf3 dxc2 30. Bc3 Rxe6 0-1


[Site "https://www.chess.com"]

[Event "Titled Tuesday Blitz November 07 Late 2023"]
[White "Musovic, Armin"]
[Black "Szpar, Milosz"]
[WhiteFideId "939935"]
[BlackFideId "1184989"]
[WhiteElo "2495"]
[BlackElo "2802"]
[Result "0-1"]
[Round "3"]
[TimeControl "180+1"]
[Date "2023.11.07"]
[WhiteClock "0:00:40"]
[BlackClock "0:01:17"]
[Board "57"]

1. e4 e6 2. Qe2 c5 3. Nf3 Nc6 4. g3 g6 5. Bg2 Bg7 6. c3 e5 7. O-O Nge7 8. d3 O-O 9. h4 d6 10. Nh2 f5 11. exf5 Bxf5 12. Nd2 Qd7 13. Ne4 h6 14. Be3 b6 15. Rad1 d5 16. g4 Be6 17. Ng3 Rf7 18. Rfe1 Raf8 19. d4 cxd4 20. cxd4 e4 21. a3 Nc8 22. b3 Nd6 23. Qa6 Bxg4 24. Rc1 Nxd4 25. Nxg4 Qxg4 26. Rcd1 Nf3+ 27. Bxf3 Rxf3 28. Qe2 Nf5 0-1


[Site "https://www.chess.com"]

[Event "Titled Tuesday Blitz November 07 Late 2023"]
[White "ChessBrainiacOnTwitch"]
[Black "Novik, Maxim"]
[BlackFideId "4102924"]
[WhiteElo "2800"]
[BlackElo "2492"]
[Result "1/2-1/2"]
[Round "3"]
[TimeControl "180+1"]
[Date "2023.11.07"]
[WhiteClock "0:00:22"]
[BlackClock "0:00:17"]
[Board "58"]

1. e4 c6 2. d4 d5 3. e5 Bf5 4. h4 Qb6 5. Nc3 c5 6. Nxd5 Qd8 7. dxc5 e6 8. Ne3 Qxd1+ 9. Kxd1 Bxc5 10. Nxf5 exf5 11. f4 Nc6 12. Bd3 O-O-O 13. a3 Nh6 14. Bd2 g6 15. Nf3 Ng4 16. Ke2 Nf2 17. Rhf1 Nxd3 18. cxd3 Rd7 19. Rac1 Bb6 20. b4 Kb8 21. Be3 Bc7 22. d4 Ne7 23. Rfd1 Nd5 24. g3 Bb6 25. Rc4 Rhd8 26. Rdc1 a6 27. Bd2 Ba7 28. a4 Nc7 29. Be3 Ne6 30. Rd1 b5 31. axb5 axb5 32. Rc6 Kb7 33. Rdc1 Rd5 34. Rd6 R8xd6 35. exd6 Rxd6 36. Kd3 f6 37. h5 Nc7 38. hxg6 hxg6 39. Rh1 Nd5 40. Bd2 Rd7 41. Rh6 Ne7 42. Rh7 Kc6 43. Rg7 Bb6 44. Bc3 Kd5 45. Nh4 Ke6 46. Nxg6 Nxg6 47. Rxg6 Rf7 48. d5+ Kxd5 49. Bxf6 Ra7 50. Bc3 Bd8 51. Rg8 Be7 52. Rb8 Kc6 53. Rc8+ Rc7 54. Rg8 Rd7+ 55. Kc2 Kd5 56. Be5 Bxb4 57. Rb8 Kc4 58. Rc8+ Bc5 59. Re8 b4 60. Rb8 Ra7 61. Kb1 b3 62. Rc8 Ra5 63. Bd6 Rb5 64. Kb2 Kd5 65. Bxc5 Rxc5 66. Rf8 Ke4 67. Kxb3 Kf3 68. Rg8 Rc1 69. Rg5 Ke4 70. Kb2 Rc5 71. Rg7 Rc6 72. Kb3 Rc5 73. Kb4 Rc1 74. Kb5 Kf3 75. Rg5 Ke4 76. Kb4 Rc8 77. Rg6 Rf8 78. Kc5 Rd8 79. Kc6 Rd3 80. Rg5 Rd4 81. Kc5 Rd5+ 82. Kc4 Rd4+ 83. Kc3 Rd3+ 84. Kc2 Rd5 85. Rg7 Kf3 86. Kc3 Ke4 87. Kc4 Rd1 88. Kc5 Rd5+ 89. Kc6 Rd8 90. Rg5 Rd3 91. Kc7 Rd2 92. Rg7 Rd1 93. Kc6 Rd2 94. Rg5 Rd3 95. Kc5 Rd2 96. Rg8 Rd1 97. Kc4 Rc1+ 98. Kb3 Rc6 99. Rg5 Rc5 100. Kb4 Rc8 101. Rg7 Kf3 102. Kb5 Rc2 103. Kb6 Rg2 104. Rg5 Rxg3 105. Rxf5 Kg4 106. Rf8 Rf3 107. Kc5 Rxf4 108. Rg8+ Kf3 109. Kd5 Rf5+ 110. Kd4 Rf4+ 111. Kd3 Rg4 112. Rf8+ Rf4 113. Rh8 Rg4 114. Rh7 Rf4 115. Rh3+ Kg4 116. Rh7 Rf3+ 117. Ke2 Rf5 118. Rg7+ Rg5 119. Re7 Kf4 120. Rf7+ Rf5 121. Rd7 Re5+ 122. Kf2 Re4 123. Rb7 Rd4 124. Rb2 Ke4 125. Rb8 Rd5 126. Ke2 Re5 127. Rb4+ Kf5+ 128. Kd3 Rd5+ 129. Ke3 Re5+ 130. Kf3 Rd5 131. Rf4+ Ke5 132. Rf8 Rd3+ 133. Kg4 Rd4+ 134. Kg5 Ke4 135. Re8+ Kd3 136. Kf5 Rd5+ 137. Kf4 Rd4+ 138. Kf3 Kc4 139. Ke3 Rd6 140. Rc8+ Kd5 141. Re8 Re6+ 142. Rxe6 Kxe6 1/2-1/2


[Site "https://www.chess.com"]

[Event "Titled Tuesday Blitz November 07 Late 2023"]
[White "Czerw, Dawid"]
[Black "Sokolovsky, Yahli"]
[WhiteFideId "1145746"]
[BlackFideId "2820242"]
[WhiteElo "2491"]
[BlackElo "2773"]
[Result "0-1"]
[Round "3"]
[TimeControl "180+1"]
[Date "2023.11.07"]
[WhiteClock "0:00:00"]
[BlackClock "0:00:19"]
[Board "59"]

1. e4 d6 2. Nc3 g6 3. d4 Bg7 4. f4 Nf6 5. Nf3 O-O 6. Bd3 Nc6 7. O-O Bg4 8. Be3 e5 9. d5 exf4 10. Bxf4 Nd4 11. Ne2 Nxe2+ 12. Qxe2 Re8 13. c4 Nxe4 14. Bxe4 f5 15. h3 Rxe4 16. Qd2 Bxf3 17. gxf3 Rxc4 18. Rae1 Qh4 19. Bh2 Rf8 20. Kg2 Rd4 21. Qc2 Rxd5 22. Re2 c6 23. Rfe1 Qb4 24. a3 Qa5 25. Qb3 Rf7 26. Re8+ Bf8 27. Bf4 Kg7 28. Qe3 Kg8 29. Bh6 Re5 30. Qg5 Rxe1 0-1


[Site "https://www.chess.com"]

[Event "Titled Tuesday Blitz November 07 Late 2023"]
[White "Glavina, Pablo"]
[Black "dodoucb"]
[WhiteFideId "100234"]
[WhiteElo "2766"]
[BlackElo "2490"]
[Result "0-1"]
[Round "3"]
[TimeControl "180+1"]
[Date "2023.11.07"]
[WhiteClock "0:00:05"]
[BlackClock "0:00:07"]
[Board "60"]

1. c4 Nf6 2. Nc3 e5 3. Nf3 Nc6 4. g3 Bb4 5. Bg2 O-O 6. O-O a6 7. Nd5 Bc5 8. d3 h6 9. a3 d6 10. b4 Ba7 11. Bb2 Nxd5 12. cxd5 Ne7 13. Nd2 f5 14. Rc1 Bd7 15. Qc2 Rc8 16. Nb3 Qe8 17. Na5 b5 18. Nb3 Qh5 19. d4 e4 20. f3 Nxd5 21. Qd2 Rce8 22. fxe4 fxe4 23. Rxf8+ Kxf8 24. e3 Qg5 25. Rf1+ Kg8 26. Bc1 Nf6 27. Na5 Bb6 28. Rf4 d5 29. Nb3 c6 30. Nc5 Bc8 31. Qc3 Bc7 32. Rf1 Ng4 33. Qe1 Rf8 34. Rxf8+ Kxf8 35. h3 Nf6 36. g4 h5 37. gxh5 Bxh3 38. Qf2 Bg3 39. Qf1 Bd6 40. Nxa6 Kg8 41. h6 Qg3 42. h7+ Kxh7 43. Qf2 Qh2+ 44. Kf1 Qh1+ 45. Ke2 Qxg2 46. Qxg2 Bxg2 47. Bd2 Bf3+ 48. Kf1 g5 49. Be1 g4 50. Nc5 Bxc5 51. bxc5 g3 52. Bxg3 Ng4 53. Bf4 Kg6 54. Ke1 Kh5 55. Kd2 Kh4 56. Kc3 Kh3 57. Kb4 Kg2 58. Ka5 Kf2 59. Kb6 Nxe3 60. Kxc6 Nc2 61. Kxd5 e3+ 62. Ke5 e2 63. Bd2 Nxa3 64. Ke6 Nc4 65. Bb4 Ne3 66. Kd6 Nc4+ 67. Ke6 Ne3 68. Kd6 Nd5 69. Bd2 e1=Q 70. Bxe1+ Kxe1 71. c6 b4 0-1


[Site "https://www.chess.com"]

[Event "Titled Tuesday Blitz November 07 Late 2023"]
[White "Khater, Sherif"]
[Black "BardArtem"]
[WhiteFideId "2034280"]
[WhiteElo "2489"]
[BlackElo "2757"]
[Result "0-1"]
[Round "3"]
[TimeControl "180+1"]
[Date "2023.11.07"]
[WhiteClock "0:00:12"]
[BlackClock "0:00:15"]
[Board "61"]

1. c4 c6 2. e4 d5 3. exd5 cxd5 4. cxd5 Nf6 5. Nc3 Nxd5 6. Bc4 Nb6 7. Bb3 Nc6 8. Nf3 g6 9. h3 Bg7 10. O-O O-O 11. Re1 e5 12. d3 Bf5 13. Ne4 Nb4 14. Bg5 Qxd3 15. Be7 Bxe4 16. Bxb4 Rfe8 17. Ng5 Qxd1 18. Raxd1 Bc6 19. Bxf7+ Kh8 20. Bxe8 Rxe8 21. Bc3 Kg8 22. Nf3 Na4 23. Ng5 Nxc3 24. bxc3 e4 25. f3 e3 26. Rd3 e2 27. Kf2 Bb5 28. c4 Bxc4 29. Rd7 Bc3 30. Ne4 Bxe1+ 31. Kxe1 Rf8 32. Rxb7 a6 33. Rc7 Bb5 34. Re7 Rc8 35. Nf6+ Kf8 36. Re3 Rc1+ 37. Kf2 Rf1+ 38. Kg3 e1=Q+ 39. Rxe1 Rxe1 40. Nxh7+ Kg7 41. Ng5 Ra1 42. Ne4 Rxa2 43. Kf4 Rxg2 44. h4 a5 45. Ng5 Rxg5 46. hxg5 a4 47. Ke3 a3 0-1


[Site "https://www.chess.com"]